 Dungeon Crawl Stone Soup version 0.27.1-33-g824d729ab1 (webtiles) character file.

Game seed: 17754742552174187162

66 SensoryNuts the Skirmisher (level 3, 0/33 HPs)
             Began as a Minotaur Monk on Dec 7, 2021.
             Succumbed to an adder's poison
             ... on level 2 of the Dungeon.
             The game lasted 00:02:01 (1730 turns).

SensoryNuts the Skirmisher (Minotaur Monk)          Turns: 1730, Time: 00:02:02

Health: 0/33       AC:  2    Str: 16    XL:     3   Next: 96%
Magic:  2/2        EV: 13    Int:  7    God:
Gold:   23         SH:  0    Dex: 12    Spells: 2/2 levels left

rFire    . . .     SeeInvis .   c - +1 short sword (elec)
rCold    . . .     Faith    .   (no shield)
rNeg     . . .     Spirit   .   b - +0 robe
rPois    .         Reflect  .   (helmet restricted)
rElec    .         Harm     .   (no cloak)
rCorr    .         Rampage  .   (no gloves)
Will     .....                  (no boots)
Stlth    ++........             (no amulet)
HPRegen  0.11/turn              (no ring)
MPRegen  0.08/turn              (no ring)

@: lethally poisoned (0 -> -2), about to teleport
A: horns 2, retaliatory headbutt
a: no special abilities


You were on level 2 of the Dungeon.
You visited 1 branch of the dungeon, and saw 2 of its levels.

You collected 23 gold pieces.

Inventory:

Hand Weapons
 a - a +0 falchion
 c - a +1 short sword of electrocution (weapon)
Armour
 b - a +0 robe (worn)
Scrolls
 g - a scroll of amnesia
 i - a scroll of noise


   Skills:
 + Level 4.2 Fighting
 + Level 1.8(3.0) Short Blades
 + Level 4.1(4.4) Long Blades
 + Level 3.7 Dodging
 + Level 2.0 Stealth


You had 2 spell levels left.
You didn't know any spells.
Your spell library was empty.

Dungeon Overview and Level Annotations

Branches:
Dungeon (2/15)

Altars:

Shops:
D:2 [


Innate Abilities, Weirdness & Mutations

You have a pair of horns on your head.
You reflexively headbutt those who attack you in melee.


Message History

It is a scroll of brand weapon.
Your +1 vampiric short sword crackles with electricity.
c - a +1 short sword of electrocution (weapon)
As you read the scroll labelled JAF FIERHU, it crumbles to dust.
It is a scroll of identify.
g - a scroll of amnesia
As you read the scroll of identify, it crumbles to dust.
h - a scroll of teleportation
As you read the scroll of identify, it crumbles to dust.
i - a scroll of noise You have no spells to forget!
You have no spells to forget!
Your transformation is almost over.
The adder hisses angrily.
The adder bites you but does no damage. The adder bites you but does no damage.
The adder bites you but does no damage. x2
You feel less wooden.
Your +0 robe unmelds from your body.
The adder bites you.
You are poisoned.
The adder poisons you!
You feel sick. The adder bites you.
* * * LOW HITPOINT WARNING * * *
You feel sick. The adder bites you.
* * * LOW HITPOINT WARNING * * *
You are lethally poisoned!
The adder poisons you!
* * * LOW HITPOINT WARNING * * *
You feel sick. The adder closely misses you. The adder misses you.
* * * LOW HITPOINT WARNING * * *
You feel sick. The adder barely misses you.
* * * LOW HITPOINT WARNING * * *
You feel sick. The adder closely misses you.
* * * LOW HITPOINT WARNING * * *
You feel sick. The adder barely misses you. The adder misses you.
* * * LOW HITPOINT WARNING * * *
You feel sick. The adder misses you.
As you read the scroll of teleportation, it crumbles to dust.
You feel strangely unstable.
You die...

#.# #.# #.# ##..# .
#.##.... .. ##.#....
...##########.....#
#................#
#................######
#....@.†...†...<......
#...S..###..#.######..
##..#### #.##.#####..#
#.. #.##.†.>...# $..
#.......#### ?..#
#...####...# .)..
#....# ###.# ... ....##
#.# ..#... #.###


You could see an adder.

Vanquished Creatures
  A gnoll (D:1)
  2 adders (D:2)
  4 ball pythons
  6 endoplasms
  A giant cockroach (D:1)
  3 goblins (D:1)
  3 hobgoblins
  3 jackals (D:1)
  A quokka (D:1)
  3 bats
  3 frilled lizards (D:1)
  A kobold (D:1)
  5 rats
36 creatures vanquished.

Notes
Turn   | Place    | Note
-------+----------+-------------------------------------------
     0 | D:1      | SensoryNuts the Minotaur Monk began the quest for the Orb.
     0 | D:1      | Reached XP level 1. HP: 19/19 MP: 0/0
   459 | D:1      | Reached XP level 2. HP: 22/27 MP: 1/1
   796 | D:1      | Reached XP level 3. HP: 33/33 MP: 2/2
   981 | D:1      | Reached skill level 1 in Short Blades
  1562 | D:2      | Found Ota Hadi's Antique Armour Shop.
  1729 | D:2      | HP: 1/33 [poisoned by an adder]
  1730 | D:2      | Succumbed to an adder's poison

Illustrated notes

Levels and vault maps discovered:
D:1:      lightli_arrival_quake, layout_basic, serial_co_window_serial,
          co_window_paths_a, co_window_corner_a, co_window_of_opportunity_a,
          co_window_of_opportunity_a, co_window_corner_a, co_window_corner_b,
          co_window_broadway_a, co_window_paths_c, co_window_4corner_b,
          co_window_paths_e, glass_columns_a
D:2:      layout_rooms, shapermc_ecumenical_altar_totnotflames, serial_shops,
          shop

Skill      XL: |  1  2  3 |
---------------+----------+-----
Long Blades    | 4 |  4.1
Fighting       | 4 |  4.2
Short Blades   | 1 |  1.8
Stealth        | 2 |  2.0
Dodging        | |  3.7

Action                   || total
-------------------------++-------
Melee: Short sword       ||    74
       Headbutt          ||    10
  Use: Scroll            ||     5
       Potion            ||     1
 Stab: Sleeping          ||     6
Armor: Robe              ||    11
       Skin              ||     4
Dodge: Dodged            ||    47
